 Dungeon Crawl Stone Soup version 0.19.0-23-gf02e663 (webtiles) character file.

82 ImaNewbie the Cudgeler (level 4, 0/33 HPs)
             Began as a Demonspawn Gladiator on Nov 19, 2016.
             Slain by a hobgoblin
             ... wielding a +0 club
             ... led by Robin
              (4 damage)
             ... on level 2 of the Dungeon.
             The game lasted 00:04:55 (1742 turns).

ImaNewbie the Cudgeler (Demonspawn Gladiator)       Turns: 1742, Time: 00:04:56

Health: 0/33       AC:  4    Str: 16    XL:     4   Next: 21%
Magic:  4/4        EV: 12    Int: 10    God:
Gold:   157        SH:  0    Dex: 13    Spells: 0 memorised, 3 levels left

rFire  . . .     SeeInvis .     a - +0 flail
rCold  . . .     Gourm    .     b - +0 leather armour
rNeg   . . .     Faith    .     (no shield)
rPois  .         Spirit   .     c - +0 helmet
rElec  .         Reflect  .     (no cloak)
rCorr  .         Harm     .     (no gloves)
MR     .....                    (no boots)
Stlth  +.........               (no amulet)
                                (no ring)
                                (no ring)

@: no status effects
A: powered by death 2
a: no special abilities


You were on level 2 of the Dungeon.
You were not hungry.

You visited 1 branch of the dungeon, and saw 3 of its levels.

You collected 157 gold pieces.

Inventory:

Hand Weapons
 a - a +0 flail (weapon)
Missiles
 d - 3 throwing nets (quivered)
Armour
 b - a +0 leather armour (worn)
 c - a +0 helmet (worn)
Scrolls
 e - 3 scrolls of identify {unknown}
 l - a scroll of fog {unknown}
 n - a scroll of teleportation {unknown}
 o - 2 scrolls of enchant armour {unknown}
 q - a scroll of magic mapping {unknown}
 t - 3 scrolls of remove curse {unknown}
Potions
 g - a potion of invisibility {unknown}
 i - a potion of mutation {unknown}
 m - 2 potions of curing {unknown}
 r - a potion of might {unknown}
 s - a potion of degeneration {unknown}
 u - a potion of agility {unknown}
Comestibles
 f - 2 bread rations
 h - 2 beef jerkies
 j - a meat ration
 k - 5 fruits
 p - 3 chunks of flesh


   Skills:
 - Level 2.0 Fighting
 + Level 4.6 Maces & Flails
 - Level 1.7 Throwing
 - Level 2.6 Dodging


You had 3 spell levels left.
You didn't know any spells.

Dungeon Overview and Level Annotations

Branches:
Dungeon (3/15)

Altars:
Vehumet

Annotations:
D:3 Robin


Innate Abilities, Weirdness & Mutations

You regenerate health from kills.


Message History

The goblin barely misses you.
You closely miss the hobgoblin.
The hobgoblin is almost dead.
The hobgoblin hits you but does no damage.
The hobgoblin hits you with a club.
* * * LOW HITPOINT WARNING * * *
The goblin hits you with an enchanted dagger.
* * * LOW HITPOINT WARNING * * *
Okay, then.
Unknown command.
Unknown command.
The goblin closely misses you.
You hit the hobgoblin.
You kill the hobgoblin!
There are monsters nearby!
You hit the hobgoblin.
The hobgoblin is almost dead.
The hobgoblin barely misses you. The goblin barely misses you.
The hobgoblin closely misses you. The hobgoblin hits you with a club.
You die...

#.# #.######## #.# #.#......#
##### #.# #.#.####.# #...#
#.###.#.#.##.# #...#
####.........##)# #...#####
#.##.###.#.#.##.# ........#
#.##...#.#.#.##.#######
........###.##...#.#.#..........#
...............g@#.#.#.......####
.........#...#.gg#.#.#.#####.#
###'####........gg)#..[......#
.................>...#.########
###.######......).............#
###.#........#.#.#............#
....#.####.#.#.#.#.####.####..#
##..#.# #.#.#.#.#.##.....##..#
##..#.# #.#.#.#.#.#.......#..#


You could see 2 hobgoblins and 3 goblins.

Vanquished Creatures
  2 adders (D:2)
  2 dart slugs (D:1)
  3 worms (D:2)
  2 leopard geckos (D:2)
  5 giant cockroaches
  7 goblins (D:2)
  7 hobgoblins
  4 kobolds
  2 ball pythons
  4 bats (D:1)
  5 frilled lizards
  7 rats
50 creatures vanquished.

Notes
Turn   | Place    | Note
-------+----------+-------------------------------------------
     0 | D:1      | ImaNewbie the Demonspawn Gladiator began the quest for the Orb.
     0 | D:1      | Reached XP level 1. HP: 16/16 MP: 1/1
    44 | D:1      | Reached skill level 3 in Maces & Flails
   152 | D:1      | Gained mutation: You regenerate a little health from kills. [demonic ancestry]
   152 | D:1      | Reached XP level 2. HP: 17/22 MP: 2/2
   827 | D:2      | Reached XP level 3. HP: 27/27 MP: 3/3
   908 | D:2      | Found a radiant altar of Vehumet.
  1036 | D:2      | Reached skill level 4 in Maces & Flails
  1469 | D:2      | Gained mutation: You regenerate health from kills. [demonic ancestry]
  1469 | D:2      | Reached XP level 4. HP: 33/33 MP: 4/4
  1718 | D:3      | Noticed Robin
  1739 | D:2      | HP: 1/33 [goblin/enchanted dagger[Robin] (4)]
  1742 | D:2      | Slain by a hobgoblin

Skill      XL: |  1  2  3 |
---------------+----------+-----
Maces & Flails | 3 4 |  4.6
Fighting       | |  2.0
Throwing       | |  1.7
Dodging        | |  2.6

Action                   |  1- 3 |  4- 6 || total
-------------------------+-------+-------++-------
Melee: Flail             |   139 |    31 ||   170
 Stab: Sleeping          |     1 |       ||     1
  Eat: Chunk             |     2 |     1 ||     3
Armor: Leather armour    |    52 |    17 ||    69
Dodge: Dodged            |   124 |    32 ||   156
